 Dungeon Crawl Stone Soup version 0.31-a0-4-gefa6de2278 (webtiles) character file.

Game seed: 12081739155693464060

1832 Ahpoh the Slasher (level 9, -1/46 HPs)
             Began as a Vine Stalker Monk on May 4, 2023.
             Killed from afar by an electric eel (7 damage)
             ... with a bolt of electricity
             ... on level 6 of the Dungeon.
             The game lasted 00:17:58 (4702 turns).

Ahpoh the Slasher (Vine Stalker Monk)               Turns: 4702, Time: 00:18:00

Health: -1/46      AC:  9    Str: 14    XL:     9   Next: 11%
Magic:  0/10       EV: 11    Int:  9    God:
Gold:   450        SH: 18    Dex: 24    Spells: 8/8 levels left

rFire   . . .        a - +1 falchion
rCold   . . .        k - +2 tower shield {AC+3}
rNeg    + . .        l - +2 leather armour "Adaed" {SInv}
rPois   +            (no helmet)
rElec   .            s - +0 cloak
rCorr   .            (no gloves)
SInv    +            (no boots)
Will    +....        (no amulet)
Stlth   +++          h - ring of positive energy
HPRegen 1.07/turn    (no ring)
MPRegen 0.12/turn

%: guardian spirit
@: studying Short Blades
A: fangs 3, regeneration 1, magic shield, antimagic bite, no potion heal 2,
agile 1, poison resistance
a: no special abilities


You were on level 6 of the Dungeon.
You visited 1 branch of the dungeon, and saw 6 of its levels.
You also visited: Sewer.

You collected 450 gold pieces.

Inventory:

Hand Weapons
 a - a +1 falchion (weapon)
 w - a +6 flail of holy wrath
Armour
 b - a +0 robe
 d - an orb of light
 k - a +2 tower shield of protection (worn)
 l - the +2 leather armour "Adaed" (worn) {SInv}
   (You found it on level 4 of the Dungeon)

   SInv:      It lets you see invisible.
 s - a +0 cloak (worn)
Jewellery
 h - a ring of positive energy (left hand)
Scrolls
 e - 3 scrolls of teleportation
 g - a scroll of fear
 m - a scroll of identify
 o - a scroll of amnesia {unknown}
 p - a scroll of blinking
 t - a scroll of immolation
 v - a scroll of enchant weapon
Potions
 c - a potion of ambrosia
 f - a potion of attraction {unknown}
 i - a potion of mutation
 j - a potion of cancellation {unknown}
 n - 2 potions of curing
 q - 2 potions of flight {unknown}
 r - 2 potions of brilliance
 u - a potion of might {unknown}


   Skills:
 + Level 4.4 Fighting
 + Level 6.4 Long Blades
 + Level 2.6 Armour
 + Level 4.7 Dodging
 + Level 3.7 Stealth
 + Level 4.7 Shields


You had 8 spell levels left.
You didn't know any spells.
Your spell library contained the following spells:

 Spells                   Type           Power      Damage    Failure   Level
 Vhi's Electric Charge    Tloc/Air       0%         N/A       100%        3
 Arcjolt                  Conj/Air       0%         1d10      100%        5
 Maxwell's Capacitive Co  Air            0%         ∞         100%        8


Dungeon Overview and Level Annotations

Branches:
Dungeon (6/15)              Sewer (visited)
 Temple: D:4-7

Altars:
Cheibriados
Dithmenos
Hepliaklqana
Nemelex Xobeh

Shops:
D:5 =


Innate Abilities, Weirdness & Mutations

You have razor-sharp teeth.
Your natural rate of healing is unusually fast.
When hurt, damage is shared between your health and your magic reserves.
Your bite disrupts and absorbs the magic of your enemies.
Potions cannot restore your health.
You are agile. (Dex +4, Str/Int -1)
Your system is resistant to poisons. (rPois)


Message History

A jelly comes into view.
Your unstable footing causes you to fumble your attack.
The electric eel shoots out a bolt of lightning at you!
The bolt of electricity hits you.
The electric eel shoots out a bolt of lightning at you!
The bolt of electricity hits you!
The electric eel shoots out a bolt of lightning at you!
The bolt of electricity hits you!
You hit the jelly.
Your hands burn!
The jelly is moderately wounded.
You block the jelly's attack.
You slash the jelly!
Your hands burn!
The jelly is severely wounded.
You block the jelly's attack. x2
You barely miss the jelly.
The jelly is severely wounded.
The jelly closely misses you.
You slash the jelly!
You kill the jelly!
You slash the steam dragon! Your bite misses the steam dragon.
The steam dragon is moderately wounded.
You block the steam dragon's attack. x2; The steam dragon bites you.
The steam dragon claws you but does no damage.
You slash the steam dragon! You bite the steam dragon!
You kill the steam dragon!
An electric eel is nearby!
The electric eel shoots out a bolt of lightning at you!
The bolt of electricity hits you!
You slash the electric eel!
The electric eel is almost dead.
The electric eel shoots out a bolt of lightning at you!
The bolt of electricity hits you! The bolt of electricity hits you.
You barely miss the electric eel.
The electric eel is almost dead.
The electric eel shoots out a bolt of lightning at you!
The bolt of electricity hits you! x2
* * * LOW HITPOINT WARNING * * *
The electric eel shoots out a bolt of lightning at you!
The bolt of electricity hits you!
You die...

♣♣♣♣ ♣♣~~~
PP~~PP~~♣♣ ##
~~.~~~~P~♣♣~
....~.$~~~~♣##
..!..........#
...~....~....#
~P~~~~~~.S@..#
P~~~~P~~~S##.#
≈≈~~~~~~♣###.###
~~~≈~~~♣......>#
~~~~P~~~######.#
~P~~~~P♣####...#
#~♣♣♣♣♣ #....###
####.#####.####
#<.........#


You could see 2 electric eels.

Vanquished Creatures
  A hornet (D:5)
  A steam dragon (D:6)
  Menkaure (D:4)
  Edmund (D:6)
  An ice beast (D:5)
  A centaur (D:5)
  Blork the orc (D:4)
  2 bullfrogs (Sewer)
  2 scorpions
  An electric eel (D:6)
  A howler monkey (D:6)
  3 orc priests (D:5)
  A gnoll bouda (D:5)
  2 jellies (D:6)
  Crazy Yiuf (D:2)
  2 sleepcaps
  5 iguanas
  2 orc wizards (D:5)
  Robin (D:3)
  9 adders
  2 river rats (D:5)
  3 worms
  3 dart slugs
  15 orcs
  18 ball pythons
  10 endoplasms
  9 giant cockroaches
  16 goblins
  17 hobgoblins
  2 jackals (D:5)
  6 quokkas
  7 bats
  12 frilled lizards
  8 kobolds
  3 rats
170 creatures vanquished.

Vanquished Creatures (others)
  An adder (D:6)
  6 plants
7 creatures vanquished.

Grand Total: 177 creatures vanquished

Notes
Turn   | Place    | Note
-------+----------+-------------------------------------------
     0 | D:1      | Ahpoh the Vine Stalker Monk began the quest for the Orb.
     0 | D:1      | Reached XP level 1. HP: 11/11 MP: 2/2
   131 | D:1      | Reached XP level 2. HP: 15/16 MP: 1/3
   312 | D:1      | Reached skill level 3 in Long Blades
   356 | D:1      | Reached XP level 3. HP: 18/20 MP: 4/4
  1000 | D:2      | Found a runed translucent door.
  1001 | D:2      | Noticed Crazy Yiuf
  1104 | D:2      | Gained mutation: Your natural rate of healing is unusually
                  | fast. [Vine Stalker growth]
  1104 | D:2      | Reached XP level 4. HP: 20/24 MP: 5/5
  1605 | D:2      | Killed Crazy Yiuf
  1606 | D:2      | Reached skill level 1 in Stealth
  1606 | D:2      | Reached XP level 5. HP: 28/28 MP: 6/6
  1820 | D:3      | Reached skill level 4 in Long Blades
  2009 | D:3      | Found a sparkling altar of Nemelex Xobeh.
  2009 | D:3      | Noticed Robin
  2044 | D:3      | Killed Robin
  2161 | D:3      | Reached skill level 1 in Shields
  2445 | D:4      | Reached XP level 6. HP: 13/32 MP: 4/7
  2545 | D:4      | Identified the +2 leather armour "Adaed" {SInv}
  2573 | D:4      | Noticed Blork the orc
  2590 | D:4      | Killed Blork the orc
  2721 | D:4      | Found a hazy altar of Hepliaklqana.
  2721 | D:4      | Found a snail-covered altar of Cheibriados.
  2852 | D:4      | Noticed Menkaure
  2876 | D:4      | Killed Menkaure
  2877 | D:4      | Reached XP level 7. HP: 4/37 MP: 3/8
  2925 | D:4      | Found a shadowy altar of Dithmenos.
  2933 | D:4      | Reached skill level 5 in Long Blades
  3161 | D:5      | Entered Level 5 of the Dungeon
  3251 | D:5      | Found a glowing drain.
  3255 | Sewer    | Entered a sewer
  3479 | Sewer    | Reached skill level 1 in Armour
  3579 | D:5      | Gained mutation: You have razor-sharp teeth. [Vine Stalker
                  | growth]
  3579 | D:5      | Reached XP level 8. HP: 23/42 MP: 3/9
  3843 | D:5      | Noticed a hornet
  3874 | D:5      | Killed a hornet
  3908 | D:5      | Gained mutation: You are agile. (Dex +4, Str/Int -1)
                  | [potion of mutation]
  3908 | D:5      | Gained mutation: Your system is resistant to poisons.
                  | (rPois) [potion of mutation]
  3986 | D:5      | Found Asicedd's Jewellery Shoppe.
  4425 | D:6      | Reached skill level 6 in Long Blades
  4463 | D:6      | Noticed Edmund
  4473 | D:6      | Killed Edmund
  4555 | D:6      | Reached XP level 9. HP: 25/46 MP: 3/10
  4702 | D:6      | Killed from afar by an electric eel

Illustrated notes

Levels and vault maps discovered:
D:1:      shiori_arrival_maze, layout_loops_ring, minmay_shallow_snake_nest
D:2:      layout_loops_ring, grunt_ministairs_2, minmay_joined_circles,
          uniq_crazy_yiuf_cottage
D:3:      layout_loops_ring, old_standard_altar, guppyfry_early_orc_mine,
          uniq_robin
D:4:      cheibrodos_helix_gallery, layout_cave_pools,
          mainiacjoe_overflow_divided_tiny, nicolae_dithmenos_shadow_blocks,
          uniq_blork_the_orc, uniq_menkaure
D:5:      layout_basic, gup_sewer_entry_bowl, serial_shops, shop,
          minmay_manual_mess
D:6:      layout_basic, mainiacjoe_overflow_24_doors, serial_bayou,
          serial_bayou_pond_a, serial_bayou_pond_c, serial_bayou_ford_a,
          serial_bayou_shore_a, serial_shops, nicolae_shop_bloodbath_and_beyond,
          amcnicky_mini_pool_small, uniq_edmund

Skill      XL: |  1  2  3  4  5  6  7  8 |
---------------+-------------------------+-----
Fighting       | 3 4 |  4.4
Long Blades    | 3 4 5 6 |  6.4
Dodging        | 3 4 |  4.7
Stealth        | 1 2 3 |  3.7
Shields        | 1 2 3 4 |  4.7
Armour         | 1 2 |  2.6

Action                     |  1- 3 |  4- 6 |  7- 9 || total
---------------------------+-------+-------+-------++-------
  Melee: Falchion          |    76 |   199 |   257 ||   532
         Bite              |    21 |    54 |    68 ||   143
    Use: Scroll            |     4 |     4 |     2 ||    10
         Potion            |     1 |     2 |     2 ||     5
   Stab: Sleeping          |       |     3 |     7 ||    10
         Distracted        |       |       |     1 ||     1
 Armour: Robe              |    13 |    59 |       ||    72
         Leather armour    |       |    12 |    79 ||    91
  Dodge: Dodged            |    52 |    91 |    88 ||   231
  Block: Tower shield      |       |   160 |   257 ||   417

Table legend: (Time is in decaauts)
 A = Elapsed time spent in this place.
 B = Non-inter-level travel time spent in this place.
 C = Inter-level travel time spent in this place.
 D = Time resting spent in this place.
 E = Time spent auto-exploring this place.
 F = Levels seen in this place.
 G = Mean time per level.
                   A        B        C        D        E       F      G
               +--------+--------+--------+--------+--------+-----+--------+
         Total |   4991 |   4896 |     95 |    218 |   2960 |   7 |  713.0 |
       Dungeon |   4646 |   4551 |     95 |    218 |   2868 |   6 |  774.3 |
         Sewer |    344 |    344 |      0 |      0 |     91 |   1 |  344.0 |
               +--------+--------+--------+--------+--------+-----+--------+

Top non-repeatable levels by time:
     D:5: 1036 daAuts
     D:2: 926 daAuts
     D:4: 817 daAuts
     D:1: 803 daAuts
     D:3: 749 daAuts
   Sewer: 344 daAuts
     D:6: 313 daAuts
